 Dungeon Crawl Stone Soup version 0.30-a0-760-g5a9884bb7c (webtiles) character file.

Game seed: 8768109203052684397

560 sanka the Shooter (level 6, -2/48 HPs)
             Began as a Demigod Hunter on Feb 11, 2023.
             Slain by a black bear (7 damage)
             ... on level 3 of the Dungeon.
             The game lasted 00:03:33 (2538 turns).

sanka the Shooter (Demigod Hunter)                  Turns: 2538, Time: 00:03:33

Health: -2/48      AC:  3    Str: 12    XL:     6   Next: 82%
Magic:  17/17      EV: 13    Int: 11    God:
Gold:   125        SH:  0    Dex: 25    Spells: 5/5 levels left

rFire   . . .      SeeInvis .    a - +0 shortbow
rCold   . . .      Faith    .    (shield currently unavailable)
rNeg    . . .      Spirit   .    l - +0 robe
rPois   .          Reflect  .    k - +0 helmet
rElec   .          Harm     .    (no cloak)
rCorr   .          Rampage  .    (no gloves)
Will    .....                    (no boots)
Stlth   ++                       (no amulet)
HPRegen 0.28/turn                (no ring)
MPRegen 0.15/turn                o - ring of magical power

@: no status effects
A: high MP 1, forlorn, divine attributes
a: no special abilities


You were on level 3 of the Dungeon.
You visited 1 branch of the dungeon, and saw 4 of its levels.

You collected 125 gold pieces.


Innate Abilities, Weirdness & Mutations

You have an increased reservoir of magic. (+10% MP)
You shall have no god before yourself.
Your divine heritage dramatically boosts your attributes as you level up.


   Skills:
 - Level 2.0 Fighting
 + Level 7.8 Ranged Weapons
 - Level 1.7 Dodging
 - Level 0.8 Stealth


You had 5 spell levels left.
You didn't know any spells.
Your spell library contained the following spells:

 Spells                   Type           Power      Damage    Failure   Level
 Sting                    Tmut/Pois      0%         1d3       34%         1
 Poisonous Vapours        Pois/Air       0%         N/A       47%         2
 Olgreb's Toxic Radiance  Pois           0%         N/A       98%         4

Inventory:

Hand Weapons
 a - a +0 shortbow (weapon)
Armour
 c - a +0 leather armour
 k - a +0 helmet (worn)
 l - a +0 robe (worn)
Jewellery
 o - a ring of magical power (right hand)
Scrolls
 b - a scroll of immolation {!r}
 d - 3 scrolls of brand weapon {unknown}
 e - 2 scrolls of fog {unknown}
 f - a scroll of magic mapping {unknown}
 g - a scroll of noise {unknown}
 j - a scroll of poison {unknown}
 q - 2 scrolls of teleportation {unknown}
 u - a scroll of identify {unknown}
Potions
 h - a potion of attraction {unknown}
 i - 2 potions of magic {unknown}
 m - a potion of lignification {unknown}
 n - a potion of mutation {unknown}
 p - a potion of curing {unknown}
 r - a potion of invisibility {unknown}
 s - a potion of heal wounds {unknown}
 t - a potion of flight {unknown}

Dungeon Overview and Level Annotations

Branches:
Dungeon (4/15)
 Temple: D:4-7

▒ ▒...▒ ▒....... ▒▒▒▒▒▒▒▒▒▒▒.▒▒
▒....... ........▒ ▒..▒ ▒▒▒▒▒+▒▒
▒▒▒▒▒▒▒.▒▒▒▒.▒ ▒▒▒▒.▒ <▒ ▒÷.▒ ▒.▒
▒....▒ ▒▒ ▒..▒ ▒.▒▒▒▒ ▒▒'▒▒▒▒▒
▒..▒▒▒....▒▒▒▒▒▒▒▒▒▒.......
▒.....▒▒▒..h....▒..'....... ▒▒▒▒
▒..▒▒.▒...ph...>..▒▒.......
...▒▒▒▒...▒.▒.▒▒▒▒▒▒▒▒▒▒▒▒.......
........▒.▒...▒ ▒.......
....▒▒▒▒▒'▒▒▒▒▒▒▒▒▒▒▒ ▒)......
....▒▒.......^......▒ ▒.......
....▒▒..............▒ ▒.......
†...▒▒..............▒ ▒.......
....................▒ ▒.......
...▒▒...............▒ ▒▒▒▒▒▒▒▒


You could see a black bear and a hound.


Message History

You climb upwards.
There is a stone staircase leading down here.
Unknown command.
The black bear bites you.
* * * LOW HITPOINT WARNING * * *
The black bear completely misses you. The black bear misses you.
The black bear bites you.
* * * LOW HITPOINT WARNING * * *
The black bear claws you.
* * * LOW HITPOINT WARNING * * *
The black bear closely misses you. The hound barely misses you.
The hound attacks as you move away! The hound bites you.
* * * LOW HITPOINT WARNING * * *
The black bear attacks as you move away!
The black bear bites you but does no damage.
The black bear claws you but does no damage.
The black bear closely misses you. The hound bites you.
* * * LOW HITPOINT WARNING * * *
The hound attacks as you move away! The hound misses you.
The hound attacks as you move away! The hound bites you.
* * * LOW HITPOINT WARNING * * *
The black bear attacks as you move away!
The black bear bites you!
You die...

Action                     |  1- 3 |  4- 6 || total
---------------------------+-------+-------++-------
   Fire: Shortbow          |   104 |   119 ||   223
 Armour: Leather armour    |    11 |       ||    11
         Robe              |       |     7 ||     7
  Dodge: Dodged            |    18 |    29 ||    47

Levels and vault maps discovered:
D:1:      minmay_arrival_four_loops, layout_loops_ring
D:2:      layout_loops_corners, shapermc_ecumenical_altar_flowoftime,
          minivault_26, uniq_sigmund, uniq_natasha, uniq_robin
D:3:      layout_basic, nicolae_vehumet_altar_sigil, amethyst_killhole,
          nicolae_titane, uniq_grinder
D:4:      layout_rooms, mainiacjoe_overflow_brackets

Notes
Turn   | Place    | Note
-------+----------+-------------------------------------------
     0 | D:1      | sanka the Demigod Hunter began the quest for the Orb.
     0 | D:1      | Reached XP level 1. HP: 17/17 MP: 3/3
    35 | D:1      | Reached skill level 2 in Fighting
    87 | D:1      | Reached skill level 4 in Ranged Weapons
    89 | D:1      | Reached XP level 2. HP: 20/24 MP: 4/4
   687 | D:2      | Noticed Sigmund
   689 | D:2      | Reached XP level 3. HP: 29/29 MP: 5/5
   806 | D:2      | Noticed Robin
   813 | D:2      | Killed Robin
   903 | D:2      | Reached skill level 5 in Ranged Weapons
   935 | D:2      | Noticed Natasha
   940 | D:2      | Killed Natasha
   941 | D:2      | Reached XP level 4. HP: 36/36 MP: 6/6
   988 | D:2      | Killed Sigmund
   989 | D:2      | Reached skill level 6 in Ranged Weapons
   989 | D:2      | Reached XP level 5. HP: 36/41 MP: 7/7
  1125 | D:2      | Noticed Natasha
  1128 | D:2      | Killed Natasha
  1208 | D:2      | Noticed Natasha
  1215 | D:2      | Killed Natasha
  1957 | D:3      | Reached XP level 6. HP: 48/48 MP: 8/8
  2101 | D:3      | Noticed Grinder
  2109 | D:3      | Killed Grinder
  2110 | D:3      | Reached skill level 7 in Ranged Weapons
  2538 | D:3      | Slain by a black bear

Vanquished Creatures
  Grinder (D:3)
  Sigmund (D:2)
  A hound (D:4)
  Natasha (thrice) (D:2)
  Robin (D:2)
  An adder (D:2)
  2 worms
  3 dart slugs
  5 orcs (D:3)
  6 bats
  7 endoplasms
  2 giant cockroaches
  14 goblins
  7 hobgoblins
  8 kobolds
  4 quokkas (D:1)
  4 ball pythons
  A frilled lizard (D:1)
  2 rats
73 creatures vanquished.

Vanquished Creatures (others)
  2 withered plants (D:2)
2 creatures vanquished.

Grand Total: 75 creatures vanquished
